 Dungeon Crawl Stone Soup version 0.19-a0-1493-gd0fcaa6 (webtiles) character file.

18 Leszczynek the Skirmisher (level 2, -2/31 HPs)
             Began as an Ogre Necromancer on Sept 9, 2016.
             Slain by an orc
             ... wielding a +0 hand axe
              (3 damage)
             ... on level 3 of the Dungeon.
             The game lasted 00:01:51 (353 turns).

Leszczynek the Skirmisher (Ogre Necromancer)         Turns: 353, Time: 00:01:52

Health: -2/31      AC:  3    Str: 12    XL:     2   Next: 66%
Magic:  1/5        EV: 10    Int: 14    God:
Gold:   40         SH:  0    Dex: 10    Spells: 2 memorised, 3 levels left

rFire  . . .     SeeInvis .     i - +0 war axe
rCold  . . .     Gourm    .     a - +0 robe
rNeg   . . .     Faith    .     (no shield)
rPois  .         Spirit   .     (helmet restricted)
rElec  .         Dismiss  .     (no cloak)
rCorr  .         Reflect  .     (gloves unavailable)
MR     .....     Harm     +     (boots unavailable)
Stlth  +.........               g - amulet of harm
                                (no ring)
                                (no ring)

@: very slightly contaminated
A: unfitting armour, tough skin 1
a: no special abilities


You were on level 3 of the Dungeon.
You were not hungry.

You visited 1 branch of the dungeon, and saw 3 of its levels.

You collected 40 gold pieces.

Inventory:

Hand Weapons
 i - a +0 war axe (weapon)
Armour
 a - a +0 robe (worn)
Jewellery
 g - an amulet of harm (around neck)
Scrolls
 e - a scroll of immolation {unknown}
 j - a scroll of recharging {unknown}
Potions
 c - 2 potions of might {unknown}
Books
 b - a book of Necromancy

   Spells                             Type                      Level
   a - Pain                           Necromancy                   1
   b - Animate Skeleton               Necromancy                   1
   c - Vampiric Draining              Necromancy                   3
   d - Regeneration                   Charms/Necromancy            3
   e - Animate Dead                   Necromancy                   4
   f - Control Undead                 Necromancy                   4
Comestibles
 d - a bread ration
 f - 2 meat rations
 h - 5 chunks of flesh


   Skills:
 + Level 3.0 Fighting
 - Level 1.7 Dodging
 - Level 1.5 Stealth
 - Level 2.4 Spellcasting
 - Level 2.9 Necromancy


You had 3 spell levels left.
You knew the following spells:

 Your Spells              Type           Power        Failure   Level  Hunger
a - Pain                  Necr           ##..         10%         1    #......
b - Animate Skeleton      Necr           N/A          10%         1    #......


Dungeon Overview and Level Annotations

Branches:
Dungeon (3/15)

Altars:


Innate Abilities, Weirdness & Mutations

You are too large for most types of armour.
You have tough skin. (AC +1)


Message History

Aiming: Pain
Press: ? - help, Shift-Dir - straight line, f - ooze
Aim: an ooze (chance to defeat MR: 63%)
Okay, then.
You hit the ooze.
The ooze is moderately wounded.
The ooze hits you.
* * * LOW HITPOINT WARNING * * *
You hit the ooze.
The ooze is almost dead.
The ooze hits you.
* * * LOW HITPOINT WARNING * * *
The ooze hits you.
* * * LOW HITPOINT WARNING * * *
You hit the ooze.
You kill the ooze!
Your Fighting skill increases to level 3!
You barely miss the orc. The orc completely misses you.
The orc hits you with a hand axe.
You die...

##### ##...## ###
######.....# ##.##
#..........#
######...###.####.....#
#............# ##...##
.####...##### ##.##
##@## ###.### #.#. #o#
#.....# ##.#. #.#
#.#.#.# ... ### ##'##
#<..#.# #.. ..# ##...##
#...# #
#.######.###.....##
#...#
#.....##.##o......##
#..##
###.#...##.#.........#
...#
...........'.........+
....


You could see an orc.

Vanquished Creatures
  An ooze (D:3)
  A giant gecko (D:3)
  2 orcs (D:3)
  A giant cockroach (D:3)
  A quokka (D:3)
  A ball python (D:2)
  2 bats
  3 giant newts
12 creatures vanquished.

Notes
Turn   | Place    | Note
-------+----------+-------------------------------------------
     0 | D:1      | Leszczynek the Ogre Necromancer began the quest for the Orb.
     0 | D:1      | Reached XP level 1. HP: 16/16 MP: 3/3
     2 | D:1      | Learned a level 1 spell: Animate Skeleton
   119 | D:2      | Reached skill level 1 in Fighting
   213 | D:3      | Reached skill level 2 in Fighting
   217 | D:3      | Reached XP level 2. HP: 20/28 MP: 0/5
   351 | D:3      | HP: 1/29 [ooze (4)]
   352 | D:3      | Reached skill level 3 in Fighting
   353 | D:3      | Slain by an orc

Vault maps used:
D:1:      minmay_arrival_doors, serial_bayou_lagoon_a, serial_bayou_lagoon_b
D:2:      nicolae_overflow_hidden_temple, makhleb_blood_cavern_becter
D:3:      kennysheep_vampire_church, gup_sewer_entry_pipe, lemuel_flame_loot_1

Skill      XL: |  1  2 |
---------------+-------+-----
Fighting       | 2 3 |  3.0
Dodging        | |  1.7
Stealth        | |  1.5
Spellcasting   | |  2.4
Necromancy     | |  2.9

Action                   || total
-------------------------++-------
Melee: War axe           ||    12
 Cast: Pain              ||    13
 Stab: Sleeping          ||     1
Armor: Robe              ||     2
Dodge: Dodged            ||    10
